 Dungeon Crawl Stone Soup version 0.19-a0-742-g4563caa (webtiles) character file.

64825 4thArraOfDagon the Imperceptible (level 15, -6/117 HPs)
             Began as a Naga Assassin on June 22, 2016.
             Was a Follower of Uskayaw.
             Killed from afar by a deep elf mage (10 damage)
             ... with a bolt of cold
             ... on level 1 of the Elven Halls on June 23, 2016.
             The game lasted 01:20:31 (10939 turns).

4thArraOfDagon the Imperceptible (Naga Assassin)   Turns: 10939, Time: 01:20:32

Health: -6/117     AC: 13    Str: 14 (15) XL:     15   Next: 14%
Magic:  18/18      EV: 17    Int: 15 (16) God:    Uskayaw [*.....]
Gold:   68         SH:  0    Dex: 16 (17) Spells: 6 memorised, 5 levels left

rFire  . . .     SeeInvis +     Z - +2 short sword (elec)
rCold  + . .     Gourm    .     o - +0 troll leather armour
rNeg   . . .     Faith    +     (no shield)
rPois  +         Spirit   .     B - +0 helmet
rElec  .         Dismiss  .     k - +1 cloak {+Inv}
rCorr  .         Reflect  .     (no gloves)
SustAt .         Harm     .     (no barding)
MR     +....                    V - amulet of faith
Stlth  +++++++++.               G - +3 ring of protection
                                U - +2 ring of evasion

@: very slow, somewhat resistant to hostile enchantments, incredibly stealthy
A: stinger 2, see invisible, clever 1, cold resistance 1, deformed body,
deterioration 1, low mp 2, poison resistance, slowness 2, slow metabolism 1,
spit poison 2, strong 1, wild magic 1, constrict 1, sturdy frame 1, AC +5
a: Spit Poison, Stomp, Renounce Religion, Evoke Invisibility


You were on level 1 of the Elven Halls.
You worshipped Uskayaw.
Uskayaw was aware of your devotion.
You were not hungry.

You visited 5 branches of the dungeon, and saw 25 of its levels.
You also visited: Sewer and Ossuary.

You collected 1637 gold pieces.
You spent 1569 gold pieces at shops.

Inventory:

Hand Weapons
 b - a +0 blowgun
 g - the +1 scimitar of the Maze {speed, MR+ Int+5 Dex-4}
   (You found it on level 2 of the Lair of Beasts)

   Attacks with this weapon are significantly faster.
   It affects your intelligence (+5).
   It affects your dexterity (-4).
   It affects your resistance to hostile enchantments.
 n - a +3 dagger of venom
 w - a +0 short sword of electrocution
 x - the +5 dagger "Puyqi" {pierce, -Tele rN+ MR+}
   (You found it on level 5 of the Lair of Beasts)

   It inflicts extra damage upon your enemies.
   It protects you from negative energy.
   It affects your resistance to hostile enchantments.
   It prevents most forms of teleportation.
 y - a +1 short sword of speed
 T - a +2 long sword of flaming
 X - the +0 scimitar of the Messenger {drain, MR+ MP+9}
   (You acquired it on level 11 of the Dungeon)

   A truly terrible weapon, it drains the life of those it strikes.
   It affects your resistance to hostile enchantments.
   It affects your magic capacity (+9).
 Z - a +2 short sword of electrocution (weapon)
Missiles
 e - 29 poisoned needles
 v - 9 curare-tipped needles
Armour
 k - a +1 cloak of invisibility (worn)
 o - a +0 troll leather armour (worn)
 B - a +0 helmet (worn)
Magical Staves
 H - an uncursed staff of wizardry {!a}
Jewellery
 l - an uncursed ring of ice
 p - an uncursed ring of protection from cold
 q - a +4 ring of strength
 r - a +4 ring of intelligence
 C - a +4 ring of intelligence
 D - an uncursed ring of protection from cold
 F - an uncursed ring of flight
 G - a +3 ring of protection (right hand)
 U - a +2 ring of evasion (left hand)
 V - an amulet of faith (around neck)
Wands
 u - a wand of polymorph (8/24)
 K - a wand of iceblast (0/15)
 P - a wand of iceblast (3/15)
 S - a wand of confusion (17/48)
Scrolls
 i - 4 scrolls of teleportation
 s - 3 scrolls of remove curse
 I - 2 scrolls of magic mapping
 J - a scroll of fog
 L - 3 scrolls of enchant weapon
Potions
 c - a potion of resistance
 f - 2 potions of heal wounds
 h - 8 potions of curing
 j - 4 potions of haste
 m - a potion of invisibility
 t - 5 potions of brilliance
 z - 3 potions of flight
 E - 7 potions of might
 N - 2 potions of agility
 Q - 2 potions of magic
 R - 5 potions of cure mutation
 W - a potion of berserk rage
 Y - 3 potions of cancellation
Books
 d - a Necronomicon

   Spells                             Type                      Level
   a - Haunt                          Necromancy/Summoning         7
   b - Borgnjor's Revivification      Necromancy                   8
   c - Death's Door                   Charms/Necromancy            8
   d - Necromutation                  Transmutation/Necromancy     8
Miscellaneous
 M - a phial of floods
 O - a sack of spiders
Comestibles
 a - 2 bread rations
 A - 6 meat rations


   Skills:
 - Level 3.0 Fighting
 - Level 13.5(14.0) Short Blades
 - Level 6.0(10.7) Long Blades
 - Level 1.7 Throwing
 - Level 8.0 Dodging
 - Level 22.0 Stealth
 + Level 4.9 Spellcasting
 * Level 3.3 Transmutations
 * Level 3.4 Earth Magic
 - Level 10.3 Invocations


You had 5 spell levels left.
You knew the following spells:

 Your Spells              Type           Power        Failure   Level  Hunger
a - Sublimation of Blood  Necr           #.........   36%         2    ##.....
b - Passwall              Tmut/Erth      ###.......   12%         2    ##.....
c - Swiftness             Chrm/Air       #.......     36%         2    ##.....
d - Repel Missiles        Chrm/Air       #.....       36%         2    ##.....
e - Statue Form           Tmut/Erth      ###......    100%        6    #######
f - Passage of Golubria   Tloc           N/A          99%         4    ####...


Dungeon Overview and Level Annotations

Branches:
Dungeon (15/15)            Temple (1/1) D:4            Lair (6/6) D:8
 Shoals (0/4) Lair:2       Spider (0/4) Lair:2        Slime (0/5) Lair:6
    Orc (2/2) D:10            Elf (1/3) Orc:2        Vaults (0/5) D:14
 Depths: D:15

Altars:
Ashenzari
Fedhas
Kikubaaqudgha
Makhleb
Pakellas
Ru
Trog
Uskayaw
Vehumet
Beogh
Jiyva

Shops:
D:14 *   Orc:1 !   Orc:2 (}:!   Elf:1 (

Annotations:
D:4 exclusions: centaur and 1 more exclusion
D:14 Rupert, Urug
D:15 exclusion: upstairs
Lair:4 Fenrir042's ghost, journeyman SpEn; Harold; Snorg


Innate Abilities, Weirdness & Mutations

You cannot wear boots.
Your serpentine skin is tough. (AC +5)
You have supernaturally acute eyesight. (SInv)
Armour fits poorly on your strangely shaped body.
Your system is resistant to poisons. (rPois)
You cover ground very slowly.
You have a slow metabolism.
You can spit poison.
You can use your snake-like lower body to constrict enemies.
Your tail ends in a sharp poisonous barb.
Your mind is acute. (Int +2)
Your flesh is cold resistant. (rC+)
Your body sometimes deteriorates upon taking damage.
Your magical capacity is very low. (-20% MP)
Your muscles are strong. (Str +2)
Your spells are a little harder to cast, but a little more powerful.
Your movements are slightly less encumbered by armour. (ER -2)


Message History

Unknown command.
The helpless water elemental fails to defend itself.
You skewer the water elemental like a kebab!!!!!
You destroy the water elemental!
Unknown command.
Unknown command.
The deep elf archer shouts!
The deep elf archer unwields an uncursed short sword.
The deep elf archer wields a glowing longbow.
The deep elf archer shoots an arrow.
The arrow hits you!!
* * * LOW HITPOINT WARNING * * *
x2 A deep elf archer comes into view. It is wielding a dagger.
You see here an arrow.
Unknown command.
The deep elf archer shoots an arrow.
The arrow hits you!
* * * LOW HITPOINT WARNING * * *
x2 The deep elf mage gestures at you while chanting.
The bolt of cold hits the ice beast.
The ice beast completely resists.
The bolt of cold hits you! You resist.
You die...

#.....#.#### #.e...#.#
#.......# #Y#######
#e.## ##...##
###.Y...##
####...(....##########
.......@.............#
?.....>.....########.#
...........## #.#
..e.......## #.#
..e......## #####.###
..ee....># #........
##......## #........
###.##+# #..##..#.
#..###.#.


You could see 2 deep elf archers, 2 deep elf knights, 2 deep elf magi and 2 ice
beasts.

Vanquished Creatures
  Maud (Lair:5)
  An orc warlord (Orc:1)
  Erolcha (D:9)
  Josephine (Lair:5)
  6 hydras
  3 centaur warriors
  5 orc high priests (Orc:2)
  6 death yaks (Lair:6)
  Sonja (Lair:4)
  A deep elf knight (Orc:2)
  4 skeletal warriors (D:14)
  3 unseen horrors
  An orange crystal statue (Lair:5)
  3 deep elf archers (Elf:1)
  A wolf spider zombie (D:15)
  8 orc knights
  5 deep elf magi
  A wizard (D:14)
  2 griffons
  6 elephants (Lair:6)
  2 cyclopes
  An orc sorcerer (Orc:2)
  A manticore (D:11)
  A black mamba (Lair:6)
  7 spiny frogs
  A gargoyle (D:12)
  2 centaur skeletons (D:15)
  3 komodo dragons
  5 polar bears
  5 trolls
  3 blink frogs (Lair:5)
  14 spriggans (Lair:6)
  A redback (Lair:6)
  A centaur simulacrum (D:14)
  A water elemental (Elf:1)
  5 wraiths
  30 yaks
  3 wyverns
  6 hippogriffs
  6 humans
  A steam dragon (D:9)
  A mottled dragon (D:15)
  2 hungry ghosts
  A warg (Orc:1)
  7 water moccasins
  25 orc warriors
  2 porcupines
  2 ice beasts
  2 eyes of draining
  5 necrophages
  4 black bears (Lair:6)
  5 wasps
  3 sky beasts
  2 boggarts (Lair:6)
  7 ogres
  20 wolves
  10 centaurs
  4 crocodiles
  A big kobold (Sewer)
  11 giant frogs
  6 water moccasin zombies (Ossuary)
  4 scorpions
  10 killer bees
  16 wights
  3 electric eels
  3 howler monkeys
  A giant frog zombie (D:6)
  5 crimson imps
  A gnoll shaman (D:9)
  3 hounds
  4 jellies
  30 orc priests
  2 giant frog skeletons
  5 iguanas
  12 orc wizards
  8 worker ants
  Terence (D:3)
  14 sheep
  3 big kobold zombies (Ossuary)
  2 hound zombies
  3 mummies
  Robin (D:4)
  A worker ant zombie (D:7)
  4 gnolls (D:9)
  15 river rats
  6 adders
  3 shadow imps
  An adder skeleton (D:8)
  8 adder zombies
  A worm (D:3)
  A dart slug (D:4)
  2 giant geckos
  64 orcs
  6 giant cockroaches
  3 gnoll zombies (Ossuary)
  4 hobgoblins
  12 jackals
  4 quokkas
  A ball python (D:3)
  4 bats
  A giant gecko zombie (D:5)
  2 giant newts
  12 goblins
  A goblin zombie (D:8)
  3 hobgoblin zombies (Ossuary)
  8 kobolds
  3 kobold zombies (Ossuary)
  6 orc zombies (Ossuary)
  A quokka skeleton (D:9)
  2 quokka zombies
  11 rats
  A rat zombie (D:8)
601 creatures vanquished.

Vanquished Creatures (others)
  4 fungi (Lair:6)
  6 plants (Lair:6)
10 creatures vanquished.

Grand Total: 611 creatures vanquished

Notes
Turn   | Place    | Note
--------------------------------------------------------------
     0 | D:1      | 4thArraOfDagon the Naga Assassin began the quest for the Orb.
     0 | D:1      | Reached XP level 1. HP: 19/19 MP: 1/1
    14 | D:1      | Reached skill level 6 in Stealth
    28 | D:1      | Reached XP level 2. HP: 13/26 MP: 2/2
   270 | D:2      | Reached skill level 7 in Stealth
   270 | D:2      | Reached XP level 3. HP: 33/33 MP: 3/3
   293 | D:2      | Found a sacrificial altar of Ru.
   356 | D:3      | Found a sacrificial altar of Ru.
   358 | D:3      | Became a worshipper of Ru the Awakened
   369 | D:4      | Found a staircase to the Ecumenical Temple.
   373 | Temple   | Entered the Ecumenical Temple
   388 | Temple   | Fell from the grace of Ru
   388 | Temple   | Became a worshipper of Uskayaw the Reveler
   432 | D:4      | Reached * piety under Uskayaw
   466 | D:3      | Noticed Terence
   477 | D:4      | Reached ** piety under Uskayaw
   502 | D:3      | Reached *** piety under Uskayaw
   504 | D:3      | Killed Terence
   504 | D:3      | Reached XP level 4. HP: 26/40 MP: 4/4
   505 | D:3      | Found a glowing drain.
   551 | Sewer    | Entered a sewer
   607 | Sewer    | Noticed a big kobold
   638 | Sewer    | Killed a big kobold
   638 | Sewer    | Reached skill level 1 in Dodging
   638 | Sewer    | Reached skill level 8 in Stealth
   638 | Sewer    | Reached skill level 1 in Invocations
   638 | Sewer    | Reached XP level 5. HP: 43/49 MP: 5/5
   658 | Sewer    | Found a white marble altar of Elyvilon.
   859 | D:4      | Found a shattered altar of Ashenzari.
   861 | D:4      | Noticed a centaur
   873 | D:4      | Killed a centaur
   873 | D:4      | Reached XP level 6. HP: 45/56 MP: 5/7
   942 | D:4      | Noticed Robin
   960 | D:4      | Turgon: Hi
   971 | D:4      | Killed Robin
   978 | D:4      | Turgon: blasted by Rynuvoes the pandemonium lord (Shatter)
  1018 | D:4      | Turgon: Why did you do a Zig with already 13 runes?
  1025 | D:4      | 4thArraOfDagon: o hi
  1025 | D:4      | 4thArraOfDagon: i had to take zig, i was sorrounded in hell
  1042 | D:4      | 4thArraOfDagon: and almost out of teles
  1042 | D:4      | Noticed a phantom
  1057 | D:4      | Reached skill level 9 in Stealth
  1084 | D:5      | Entered Level 5 of the Dungeon
  1090 | D:5      | 4thArraOfDagon: i did not know that pan lords can shatter
  1128 | D:5      | 4thArraOfDagon: and took 120hp in one turn :)
  1132 | D:6      | Turgon: ouch
  1170 | D:6      | Reached XP level 7. HP: 55/62 MP: 8/8
  1288 | D:6      | Found an oddly glowing altar of Pakellas.
  1298 | D:5      | Reached skill level 10 in Stealth
  1462 | D:5      | Reached XP level 8. HP: 50/69 MP: 10/10
  1550 | D:7      | Learned a level 2 spell: Sublimation of Blood
  1682 | D:7      | WELCOME TO BLACK DRAIN
  1686 | D:7      | Reached skill level 11 in Stealth
  1724 | D:7      | Reached skill level 5 in Short Blades
  1796 | D:7      | :(
  1856 | D:7      | Reached **** piety under Uskayaw
  1895 | D:7      | Reached skill level 1 in Long Blades
  1976 | D:8      | Reached skill level 12 in Stealth
  1976 | D:8      | Reached XP level 9. HP: 41/71 MP: 12/12
  2086 | D:8      | Found a sand-covered staircase.
  2093 | Ossuary  | Entered an ossuary
  2185 | Ossuary  | Reached skill level 5 in Invocations
  2322 | Ossuary  | Reached skill level 13 in Stealth
  2654 | D:9      | Reached skill level 5 in Long Blades
  2654 | D:9      | Reached XP level 10. HP: 45/84 MP: 14/14
  2687 | D:9      | Reached skill level 14 in Stealth
  2688 | D:9      | Found a blossoming altar of Fedhas.
  2705 | D:9      | Gained mutation: You tend to lose your temper in combat. [mutagenic meat]
  2706 | D:9      | Gained mutation: You are resistant to hostile enchantments. (MR+) [mutagenic meat]
  2707 | D:9      | Lost mutation: You are resistant to hostile enchantments. (MR+) [mutagenic meat]
  2708 | D:9      | Gained mutation: Your flesh is cold resistant. (rC+) [mutagenic meat]
  2719 | D:9      | Noticed Erolcha
  2797 | D:9      | Reached ***** piety under Uskayaw
  2828 | D:10     | Entered Level 10 of the Dungeon
  2828 | D:10     | Noticed a hill giant
  3051 | D:9      | Found an ancient bone altar of Kikubaaqudgha.
  3247 | D:11     | Identified a scroll of acquirement
  3248 | D:11     | Got an iridescent scimitar
  3249 | D:11     | Identified the +0 scimitar of the Messenger {drain, MR+ MP+9} (You acquired it on level 11 of the Dungeon)
  3250 | D:11     | :(
  3464 | D:11     | Noticed a manticore
  3473 | D:11     | Killed a manticore
  3473 | D:11     | Reached skill level 15 in Stealth
  3542 | D:12     | Noticed a gargoyle
  3546 | D:12     | Killed a gargoyle
  3565 | D:13     | Noticed a cyclops
  3574 | D:13     | Learned a level 2 spell: Passwall
  3577 | D:13     | Learned a level 2 spell: Swiftness
  3595 | D:13     | Noticed a centaur warrior
  3608 | D:13     | Killed a centaur warrior
  3608 | D:13     | Reached skill level 5 in Dodging
  3608 | D:13     | Reached XP level 11. HP: 47/90 MP: 16/16
  3720 | D:13     | Noticed a brown ugly thing
  3788 | D:14     | Noticed a skeletal warrior
  3788 | D:14     | Noticed a skeletal warrior
  3789 | D:14     | Killed a skeletal warrior
  3790 | D:14     | Noticed a skeletal warrior
  3790 | D:14     | Noticed a skeletal warrior
  3823 | D:14     | Killed a skeletal warrior
  3823 | D:14     | Reached skill level 16 in Stealth
  3854 | D:14     | Killed a skeletal warrior
  3892 | D:14     | Killed a skeletal warrior
  3968 | D:14     | Noticed a wizard
  3975 | D:14     | Killed a wizard
  4007 | D:14     | Found Liroriax's Changing Room.
  4020 | D:14     | Bought a potion of mutation for 27 gold pieces
  4020 | D:14     | Bought a potion of mutation for 27 gold pieces
  4020 | D:14     | Gained mutation: Your magical capacity is low. (-10% MP) [potion of mutation]
  4020 | D:14     | Gained mutation: Your magical capacity is very low. (-20% MP) [potion of mutation]
  4020 | D:14     | Gained mutation: Your movements are slightly less encumbered by armour. (ER -2) [potion of mutation]
  4021 | D:14     | Gained mutation: Your tail ends in a poisonous barb. [potion of mutation]
  4022 | D:14     | Gained mutation: You are frail. (-10% HP) [potion of mutation]
  4023 | D:14     | Gained mutation: Your muscles are strong. (Str +2) [potion of mutation]
  4024 | D:14     | Gained mutation: You are very frail. (-20% HP) [potion of mutation]
  4024 | D:14     | Lost mutation: You tend to lose your temper in combat. [potion of mutation]
  4025 | D:14     | Gained mutation: Your tail ends in a sharp poisonous barb. [potion of mutation]
  4025 | D:14     | Lost mutation: You are very frail. (-20% HP) [potion of mutation]
  4025 | D:14     | Gained mutation: Your muscles are very strong. (Str +4) [potion of mutation]
  4053 | D:15     | Entered Level 15 of the Dungeon
  4058 | D:15     | Noticed a cyclops
  4076 | D:15     | Killed a cyclops
  4103 | D:14     | Noticed a centaur warrior
  4116 | D:15     | Noticed a centaur warrior
  4124 | D:15     | Killed a centaur warrior
  4204 | D:15     | Noticed a four-headed hydra
  4235 | D:15     | Reached skill level 17 in Stealth
  4325 | D:15     | Gained mutation: Your spells are a little harder to cast, but a little more powerful. [potion of mutation]
  4325 | D:15     | Lost mutation: You are frail. (-10% HP) [potion of mutation]
  4410 | D:14     | Found a gate to the Vaults.
  4410 | D:14     | Noticed Rupert
  4410 | D:14     | Noticed Urug
  4410 | D:14     | Noticed a griffon
  4492 | D:15     | Reached XP level 12. HP: 82/97 MP: 14/14
  4668 | D:14     | Bought a potion of beneficial mutation for 385 gold pieces
  4668 | D:14     | Gained mutation: Your mind is acute. (Int +2) [potion of beneficial mutation]
  4748 | D:14     | Killed a centaur warrior
  5280 | D:10     | Found a staircase to the Orcish Mines.
  5305 | D:10     | Reached skill level 18 in Stealth
  5325 | D:10     | Found a roughly hewn altar of Beogh.
  5405 | Orc:1    | Entered Level 1 of the Orcish Mines
  5505 | Orc:1    | Found Jelea's Distillery.
  5505 | Orc:1    | Noticed an orc warlord
  5534 | Orc:2    | Entered Level 2 of the Orcish Mines
  5572 | Orc:2    | Reached skill level 10 in Short Blades
  5674 | Orc:2    | Found a roughly hewn altar of Beogh.
  5862 | Orc:2    | Reached ****** piety under Uskayaw
  6102 | Orc:2    | Gained mutation: You can use your snake-like lower body to constrict enemies. [Naga growth]
  6102 | Orc:2    | Reached XP level 13. HP: 12/103 MP: 16/16
  6341 | Orc:2    | Gained mutation: Your body sometimes deteriorates upon taking damage. [a neqoxec]
  6344 | Orc:2    | Reached skill level 19 in Stealth
  6610 | Orc:2    | Lost mutation: Your muscles are very strong. (Str +4) [a neqoxec]
  6648 | Orc:2    | Found Qobai's Weapon Shop.
  6648 | Orc:2    | Found Kealem's Distillery.
  6649 | Orc:2    | Found Alit's Gadget Boutique.
  6649 | Orc:2    | Found Tumuh's Book Shop.
  6660 | Orc:2    | sad
  6660 | Orc:2    | Bought 2 potions of curing for 84 gold pieces
  6660 | Orc:2    | Bought a potion of heal wounds for 70 gold pieces
  6660 | Orc:2    | Bought a potion of heal wounds for 70 gold pieces
  6660 | Orc:2    | Bought a potion of might for 56 gold pieces
  6660 | Orc:2    | Bought 2 potions of haste for 280 gold pieces
  6716 | Orc:2    | Upgraded the game from 0.19-a0-734-ge18daf0 to 0.19-a0-742-g4563caa
  6716 | Orc:2    | lets continue this sad naga
  6844 | D:9      | Killed Erolcha
  6844 | D:9      | Reached skill level 10 in Invocations
  6968 | D:9      | Learned a level 2 spell: Repel Missiles
  7257 | D:8      | Found a staircase to the Lair.
  7268 | Lair:1   | Entered Level 1 of the Lair of Beasts
  7336 | Lair:2   | Got a shimmering scimitar
  7337 | Lair:2   | Identified the cursed +1 scimitar of the Maze {speed, MR+ Int+5 Dex-4} (You found it on level 2 of the Lair of Beasts)
  7338 | Lair:2   | :(
  7378 | Lair:1   | jacquesderrida: oiiiii govna
  7390 | Lair:2   | jacquesderrida: The maze is real
  7607 | Lair:3   | Reached skill level 20 in Stealth
  7686 | Lair:2   | Found a staircase to the Shoals.
  7760 | Lair:4   | Noticed Harold
  7787 | Lair:4   | Noticed Sonja
  7796 | Lair:4   | Killed Sonja
  7797 | Lair:4   | Noticed Fenrir042's ghost (journeyman SpEn)
  7921 | Lair:5   | Noticed Josephine
  7942 | Lair:5   | Killed Josephine
  7949 | Lair:5   | Reached skill level 1 in Spellcasting
  7949 | Lair:5   | Reached XP level 14. HP: 52/111 MP: 17/17
  8004 | Lair:5   | Learned a level 6 spell: Statue Form
  8025 | Lair:4   | jacquesderrida: dang mang
  8038 | Lair:5   | jacquesderrida: It's blergs
  8045 | Lair:5   | jacquesderrida: He lives
  8050 | Lair:5   | Noticed Maud
  8058 | Lair:5   | :(
  8072 | Lair:5   | Killed Maud
  8262 | Lair:6   | Entered Level 6 of the Lair of Beasts
  8359 | Lair:6   | Reached skill level 21 in Stealth
  8403 | Lair:6   | BLOAX: ??uskayaw
  8405 | Lair:6   | beem: uskayaw[1/4]: God of ecstatic dance. Piety raises very quickly as you deal damage and drops very quickly over time. *: Stomp for AOE damage. **: Teleport through a line of creatures, confusing them. ***: on reaching this piety level, briefly paralyze all enemies in LOS. ****: On reaching this piety level, monsters share damage. *****: Telefrag any monster in LOS.
  8410 | Lair:6   | 4thArraOfDagon: hiiiii
  8410 | Lair:6   | BLOAX: hi
  8423 | Lair:6   | BLOAX: maybe use those abilities :^)
  8448 | Lair:6   | BLOAX: piety is pretty much up and down every fight
  8456 | Lair:6   | BLOAX: so they're there to be used
  8688 | Lair:6   | Found a viscous altar of Jiyva.
  8688 | Lair:6   | Found a staircase to the Slime Pits.
  8784 | Lair:6   | 4thArraOfDagon: what does stomp do
  8784 | Lair:6   | BLOAX: AOE damage
  8784 | Lair:6   | Yermak: ??stomp
  8784 | Lair:6   | beem: stomp[1/1]: Uskayaw * power. Damages all monsters around the player. Damage is monster_current_hp / 6 + 2d(2 + Invo/2).
  8784 | Lair:6   | BLOAX: wew
  8824 | Lair:6   | Identified the Grimoire of Snow and Flames (You found it on level 6 of the Lair of Beasts)
  9324 | Lair:5   | HP: 4/111 [spiny frog[an orange crystal statue] (20)]
  9331 | Lair:5   | HP: 7/249 [spiny frog[an orange crystal statue] (7)]
  9334 | Lair:5   | BLOAX: ecstatic RIP
  9339 | Lair:5   | BLOAX: !!!
  9353 | Lair:5   | BLOAX: it's a christmas miracle
  9356 | Lair:5   | BLOAX: in the middle of summer
  9409 | Lair:5   | Got a crystal dagger
  9410 | Lair:5   | Identified the +5 dagger "Puyqi" {pierce, -Tele rN+ MR+} (You found it on level 5 of the Lair of Beasts)
  9570 | Lair:4   | Noticed Nessos
  9576 | Lair:4   | :(
  9577 | Lair:4   | Noticed Nessos
  9577 | Lair:4   | Nessos changed into Nessos the cyclops
  9593 | Lair:4   | Killed Nessos the cyclops
  9597 | Lair:4   | Noticed Snorg
  9733 | Lair:2   | Found a hole to the Spider Nest.
  9812 | Lair:2   | Reached skill level 22 in Stealth
 10282 | Orc:1    | jacquesderrida: blergs
 10288 | Orc:1    | jacquesderrida: It's time to test your mettle!!!
 10293 | Orc:1    | Killed an orc warlord
 10293 | Orc:1    | Reached skill level 1 in Transmutations
 10293 | Orc:1    | Reached skill level 1 in Earth Magic
 10350 | Orc:1    | Reached XP level 15. HP: 71/117 MP: 18/18
 10392 | Orc:1    | Bought a potion of heal wounds for 55 gold pieces
 10392 | Orc:1    | Bought a potion of brilliance for 44 gold pieces
 10392 | Orc:1    | Bought a potion of brilliance for 44 gold pieces
 10392 | Orc:1    | Bought a potion of might for 44 gold pieces
 10392 | Orc:1    | Bought 2 potions of might for 88 gold pieces
 10392 | Orc:1    | Bought a potion of degeneration for 11 gold pieces
 10392 | Orc:1    | Bought a potion of berserk rage for 55 gold pieces
 10392 | Orc:1    | Bought a potion of curing for 33 gold pieces
 10515 | Orc:2    | BLOAX: ???/
 10515 | Orc:2    | Bought a potion of brilliance for 56 gold pieces
 10515 | Orc:2    | Bought a potion of curing for 42 gold pieces
 10515 | Orc:2    | Bought a potion of curing for 42 gold pieces
 10515 | Orc:2    | Bought a potion of agility for 56 gold pieces
 10642 | Orc:2    | Found a staircase to the Elven Halls.
 10651 | Elf:1    | Entered Level 1 of the Elven Halls
 10747 | Elf:1    | Found Dunohila's Antique Weapon Shop.
 10841 | Elf:1    | Learned a level 4 spell: Passage of Golubria
 10908 | Elf:1    | :(
 10933 | Elf:1    | :(
 10939 | Elf:1    | HP: 4/117 [deep elf archer/arrow (2)]
 10939 | Elf:1    | Killed from afar by a deep elf mage

Vault maps used:
D:1:      minmay_arrival_radiant_lines
D:2:      nicolae_overflow_hidden_temple
D:3:      lemuel_upstairs_altar, okawaru_metal_pillars_1_2, lemuel_doored_altar,
          portal_sewer_entry_a, trog_wizard, uniq_terence, uniq_natasha
D:4:      evilmike_ruin_ashenzari, uniq_robin
D:5:      first_bread
D:6:      kennysheep_little_box, lemuel_crystal_altar
D:7:      serial_undead, serial_undead_e, serial_undead_a, serial_undead_a,
          serial_undead_e, serial_undead_b, serial_undead_c,
          minmay_misc_feat_ornament
D:8:      lair_0_dummy, enter_ossuary_4, grunt_livestock,
          minmay_misc_feat_secret_circle, hangedman_decor_points
D:9:      fedhas_bush_and_centaur_altar, kiku_gazebo_pond_becter, st_stairs_5,
          minmay_evil_grid, uniq_erolcha
D:10:     minmay_orc_entry_temple_small
D:11:     serial_shops, nicolae_shop_stone
D:14:     david_vaults_3, basic_altar, kennysheep_small_spiral, hex_tiny,
          nicolae_transmutations_shop
D:15:     grunt_enter_depths_magical_seal, hangedman_abyss_or_decor_slice
Temple:   jpeg_temple_clearing
Lair:1:   kennysheep_snail_temple
Lair:2:   lemuel_reptile_caves, shoals_dummy_entry, spider_nest_entry_web_field,
          infiniplex_staircase_pool_2
Lair:3:   grunt_megastairs_1, serial_bayou_shore_b
Lair:4:   uniq_harold, uniq_sonja, uniq_snorg, uniq_nessos
Lair:5:   statuecave_lemuel, lemuel_fruit_tree, uniq_josephine, uniq_maud
Lair:6:   minmay_lair_end_enchanted_forest, dpeg_slime_entry_enclosed_altar,
          serial_bayou_lagoon_b
Orc:1:    serial_shops, shop
Orc:2:    st_orc_pillars, basic_altar, uniq_rupert
Elf:1:    eino_elf_arrival_sip, serial_shops, shop, hangedman_elf_disciples,
          minivault_19
Sewer:    sewer_kobolds
Ossuary:  ossuary_tomb_2

Skill      XL: |  1  2  3  4  5  6  7  8  9 10 11 12 13 14 15 |
---------------+----------------------------------------------+-----
Stealth        | 6 7 8 9 10 12 13 15 17 18 20 22 | 22.0
Fighting       | 3 |  3.0
Dodging        | 1 2 3 4 5 6 7 8 |  8.0
Invocations    | 1 2 3 4 5 7 8 9 10 | 10.3
Short Blades   | 3 4 5 7 9 10 12 13 | 13.5
Long Blades    | 1 5 6 |  6.0
Spellcasting   | 1 4 |  4.9
Transmutations | 1 3 |  3.3
Earth Magic    | 1 3 |  3.4
Throwing       | |  1.7

Action                   |  1- 3 |  4- 6 |  7- 9 | 10-12 | 13-15 || total
-------------------------+-------+-------+-------+-------+-------++-------
Melee: Dagger            |    64 |    50 |     1 |       |   242 ||   357
       Short sword       |       |   133 |   344 |   195 |   109 ||   781
       Long sword        |       |       |   163 |   101 |    10 ||   274
       Scimitar          |       |       |       |   357 |   508 ||   865
       Tailslap          |       |       |       |    63 |   165 ||   228
       Constrict         |       |       |       |       |   156 ||   156
 Fire: Blowgun           |    14 |     2 |     5 |    38 |    48 ||   107
Throw: Throwing net      |       |       |       |       |     1 ||     1
Invok: Stomp             |       |       |       |     3 |     6 ||     9
       Grand Finale      |       |       |       |       |     1 ||     1
 Abil: Spit Poison       |    17 |     7 |    14 |    30 |    40 ||   108
       Evoke Invisibilit |       |       |       |       |     1 ||     1
       Evoke Flight      |       |       |       |       |     1 ||     1
Evoke: Wand              |       |       |     6 |     3 |     5 ||    14
       Sack of spiders   |       |       |       |     2 |       ||     2
  Use: Scroll            |       |       |     2 |    15 |    16 ||    33
       Potion            |       |       |     1 |    15 |    10 ||    26
 Stab: Sleeping          |     2 |     7 |    19 |    37 |    40 ||   105
       Paralysed         |     1 |     4 |    21 |    36 |    55 ||   117
       Held in net/web   |       |       |       |       |     1 ||     1
       Invisible         |       |       |       |       |     3 ||     3
       Distracted        |       |       |       |       |     1 ||     1
  Eat: Chunk             |       |     2 |     6 |     6 |       ||    14
       Fruit             |       |       |     5 |     3 |    15 ||    23
       Beef jerky        |       |       |       |     6 |     2 ||     8
       Bread ration      |       |       |       |       |     1 ||     1
Armor: Robe              |     6 |       |       |       |       ||     6
       Troll leather arm |    32 |    49 |   135 |   135 |   202 ||   553
       Skin              |       |       |       |     8 |    16 ||    24
Dodge: Dodged            |    54 |    73 |   186 |   345 |   531 ||  1189
